 Dungeon Crawl Stone Soup version 0.13.0-25-g43d4df3 (webtiles) character file.

1514 Impy the Martial Artist (level 8, 0/46 HPs)
             Began as a Tengu Monk on Oct 28, 2013.
             Was a Priest of Okawaru.
             Slain by an ice beast (11 damage)
             ... on Level 6 of the Dungeon.
             The game lasted 00:16:13 (5483 turns).

Impy the Martial Artist (Tengu Monk)                Turns: 5483, Time: 00:16:13

HP   0/46        AC  2     Str 12      XL: 8   Next: 55%
MP  10/10        EV 18     Int 13      God: Okawaru [***...]
Gold 230         SH  0     Dex 16      Spells:  1 memorised,  6 levels left

Res.Fire  : . . .   See Invis. : .     - Unarmed
Res.Cold  : . . .   Warding    : .   a - +0 robe
Life Prot.: . . .   Conserve   : .   (no shield)
Res.Poison: .       Res.Corr.  : +   (helmet restricted)
Res.Elec. : .       Clarity    : .   (no cloak)
Sust.Abil.: . .     Spirit.Shd : .   (no gloves)
Res.Mut.  : .       Stasis     : .   (boots unavailable)
Res.Rott. : .       Flight     : .   u - amulet of resist corrosion
Saprovore : . . .                    (no ring)
                                     (no ring)

@: slightly resistant to hostile enchantments, fairly stealthy
A: able to fly, beak, talons 3
a: Fly, Heroism, Renounce Religion


You were on level 6 of the Dungeon.
You worshipped Okawaru.
Okawaru was most pleased with you.
You were not hungry.

You visited 1 branch of the dungeon, and saw 6 of its levels.

You collected 230 gold pieces.

Inventory:

Armour
 a - a +0 robe (worn)
 o - a +1 shield
 p - a +1 dwarven cloak
 x - a +0 buckler
Magical devices
 l - a wand of teleportation (5)
 s - a wand of polymorph (10)
Comestibles
 b - 3 bread rations
 n - 3 meat rations
 r - 2 chunks of ogre flesh
 w - a slice of pizza
Scrolls
 c - 2 scrolls of teleportation
 d - 2 scrolls of recharging {unknown}
 f - 8 scrolls of remove curse
 g - 8 scrolls of identify
 h - a scroll of curse weapon {unknown}
 j - a scroll of fog
 m - 3 scrolls of amnesia
Jewellery
 u - an amulet of resist corrosion (around neck)
Potions
 e - a potion of agility
 i - 3 potions of flight
 k - a potion of magic
 q - a potion of might
 v - a potion of curing
 z - a potion of brilliance {unknown}
Books
 t - a book of Beasts

   Spells                             Type                      Level
   *Summon Butterflies                Summoning                    1
   Sticks to Snakes                   Transmutation                2
   Call Canine Familiar               Summoning                    3
   Ice Form                           Ice/Transmutation            4
   Summon Ice Beast                   Ice/Summoning                4
   Summon Hydra                       Summoning                    7


   Skills:
 - Level 3.0 Fighting
 + Level 8.6 Dodging
 - Level 2.0 Stealth
 + Level 8.8 Unarmed Combat


You had 6 spell levels left.
You knew the following spells:

 Your Spells              Type           Power        Failure   Level  Hunger
a - Summon Butterflies    Summ           #.......     30%         1    ##.....


Dungeon Overview and Level Annotations

Branches:
Dungeon (6/27)
 Temple: D:4-7          Orc: D:6-11

Altars:
Okawaru
Sif Muna


Innate Abilities, Weirdness & Mutations

You can fly.
You have a beak for a mouth.
You have claws for feet.


Message History

You peck the ice beast, but do no damage.
The ice beast is lightly wounded.
The ice beast barely misses you.
You hit the ice beast.
The ice beast is moderately wounded.
The ice beast completely misses you.
You barely miss the ice beast.
You claw the ice beast, but do no damage.
The ice beast is moderately wounded.
You barely miss the ice beast. Your peck misses the ice beast.
The ice beast is moderately wounded.
The ice beast hits you. The ice beast freezes you!
Use which ability? (? or * to list)
You fail to use your ability.
The ice beast closely misses you.
You closely miss the ice beast. Your kick misses the ice beast.
The ice beast is moderately wounded.
The ice beast hits you.
* * * LOW HITPOINT WARNING * * *
The ice beast freezes you!
You die...

#.#.#..#.#.#.# #......##...
#.#.#....#.#.# #......##...
#.#.#....#.#.####......#####
#.#.##......................
#.#......#.#.####......#####
#.########.#.# #......##...
#..........#.# #.......#...
#.##########.####.......#...
#.# #..I@...##.......####
#.# #.......##...........
###.# #.......#############
#...# #.........
#.##############.....
#..).........###....
#............'_#...
##...........### .
#############


You could see an ice beast.

Vanquished Creatures
  A sky beast (D:5)
  3 ogres
  3 ice beasts (D:5)
  Blork the orc (D:5)
  2 giant frogs (D:6)
  2 crimson imps
  A hound (D:6)
  A scorpion (D:4)
  An orc wizard (D:6)
  3 worker ants
  A sky beast zombie (D:5)
  A gnoll (D:3)
  7 adders
  A giant mite (D:5)
  5 worms
  An adder zombie (D:5)
  An iguana skeleton (D:5)
  3 giant geckos
  2 oozes (D:2)
  12 orcs
  2 ball pythons
  3 bats
  5 giant cockroaches
  17 goblins
  6 hobgoblins
  15 jackals
  15 kobolds
  A quokka (D:3)
  6 giant newts
  A goblin skeleton (D:4)
  9 rats
132 creatures vanquished.

Notes
Turn   | Place    | Note
--------------------------------------------------------------
     0 | D:1      | Impy, the Tengu Monk, began the quest for the Orb.
     0 | D:1      | Reached XP level 1. HP: 12/12 MP: 0/0
   198 | D:1      | Reached XP level 2. HP: 14/17 MP: 2/2
   675 | D:2      | Reached XP level 3. HP: 14/22 MP: 3/3
   820 | D:2      | Reached skill level 5 in Unarmed Combat
   986 | D:2      | Reached XP level 4. HP: 20/27 MP: 4/4
  1842 | D:3      | Learned a level 1 spell: Summon Butterflies
  2119 | D:3      | Reached skill level 5 in Dodging
  2119 | D:3      | Reached XP level 5. HP: 24/31 MP: 6/6
  2448 | D:3      | Found an iron altar of Okawaru.
  2490 | D:3      | Became a worshipper of Warmaster Okawaru
  2490 | D:3      | Acquired Okawaru's first power
  3384 | D:4      | Reached skill level 6 in Unarmed Combat
  3602 | D:4      | Reached XP level 6. HP: 34/36 MP: 7/7
  3774 | D:5      | Entered Level 5 of the Dungeon
  3976 | D:5      | Reached XP level 7. HP: 40/40 MP: 2/8
  4028 | D:5      | Reached skill level 7 in Unarmed Combat
  4497 | D:5      | Reached skill level 8 in Unarmed Combat
  4497 | D:5      | Reached XP level 8. HP: 29/46 MP: 10/10
  4681 | D:5      | Noticed Blork the orc
  4688 | D:5      | Killed Blork the orc
  5377 | D:6      | Found a deep blue altar of Sif Muna.
  5483 | D:6      | Slain by an ice beast

Action                   |  1- 3 |  4- 6 |  7- 9 || total
-------------------------+-------+-------+-------++-------
Melee: Unarmed           |    65 |   190 |   124 ||   379
Invok: Heroism           |       |     1 |     5 ||     6
 Abil: Fly               |       |     2 |     1 ||     3
Evoke: Wand              |       |     1 |       ||     1
  Use: Scroll            |       |    10 |     6 ||    16
       Potion            |       |     7 |     1 ||     8
 Stab: Sleeping          |     1 |     5 |     6 ||    12
